 Dungeon Crawl Stone Soup version 0.30-a0-304-gdc4b735fe1 (console) character file.

Game seed: 3774003121726875590

173768 jejorda2 the Phalangite (level 18, -2/151 HPs)
             Began as a Merfolk Berserker on Oct 20, 2022.
             Was a High Priest of Trog.
             Slain by a spark wasp (10 damage)
             ... on level 4 of the Spider Nest.
             The game lasted 01:40:10 (29648 turns).

jejorda2 the Phalangite (Merfolk Berserker)        Turns: 29648, Time: 01:40:10

Health: -2/151     AC: 28    Str: 30    XL:     18   Next: 6%
Magic:  1/27       EV: 14    Int:  5    God:    Trog [*****.]
Gold:   3123       SH:  0    Dex: 12    Spells: 17/17 levels left

rFire   + . .      SeeInvis .    a - +9 glaive {vorpal, rF+ rC+ Str+3}
rCold   + . .      Faith    .    (shield currently unavailable)
rNeg    . . .      Spirit   .    s - +3 plate armour of the Endless Expanse {Str+4}
rPois   +          Reflect  .    p - +2 helmet of Selonk {rElec MP+9 Int-2 Dex-3}
rElec   +          Harm     .    T - +0 cloak
rCorr   .          Rampage  .    k - +1 pair of gloves {infuse}
Will    +++..                    g - +2 pair of boots
Stlth   ..........               N - amulet of regeneration
HPRegen 2.25/turn                A - ring of poison resistance
MPRegen 0.20/turn                Z - +4 ring of protection

@: strong-willed, corroded, on berserk cooldown, regenerating, slowed, studying
2 skills, very slow
A: (nimble swimmer 2), mertail
a: Renounce Religion, Berserk, Trog's Hand, Brothers in Arms


You were on level 4 of the Spider Nest.
You worshipped Trog.
Trog was extremely pleased with you.
You visited 5 branches of the dungeon, and saw 27 of its levels.
You visited the Abyss 1 time.
You also visited: Gauntlet, Ice Cave and Volcano.

You collected 5723 gold pieces.
You spent 2600 gold pieces at shops.

Inventory:

Hand Weapons
 a - the +9 glaive of Disintegration (weapon) {vorpal, rF+ rC+ Str+3}
   (You acquired it on level 1 of the Orcish Mines)

   It inflicts extra damage upon your enemies.
   Str:       It affects your strength (+3).
   rF:        It protects you from fire.
   rC:        It protects you from cold.
 b - a +4 glaive of flaming
 w - a +3 antimagic glaive
Missiles
 c - a silver boomerang
 m - 10 stones
 n - 2 boomerangs of dispersal
 q - 6 silver javelins
 u - 52 poisoned darts (quivered)
 E - 16 boomerangs
 K - 7 atropa-tipped darts
 L - 5 javelins
 V - 2 throwing nets
Armour
 g - a +2 pair of boots (worn)
 k - a +1 pair of gloves of infusion (worn)
 p - the +2 helmet of Selonk (worn) {rElec MP+9 Int-2 Dex-3}
   (You found it in a Gauntlet)

   Int:       It affects your intelligence (-2).
   Dex:       It affects your dexterity (-3).
   rElec:     It insulates you from electricity.
   MP:        It affects your magic capacity (+9).
 s - the +3 plate armour of the Endless Expanse (worn) {Str+4}
   (You found it on level 15 of the Dungeon)

   Str:       It affects your strength (+4).
 T - a +0 cloak (worn)
Jewellery
 A - a ring of poison resistance (left hand)
 N - an amulet of regeneration (around neck)
 S - a ring of protection from cold
 Z - a +4 ring of protection (right hand)
Wands
 d - a wand of flame (22)
 z - a wand of digging (3)
 F - a wand of paralysis (20)
 G - a wand of iceblast (7)
 I - a wand of polymorph (7)
 J - a wand of mindburst (14)
Scrolls
 e - 4 scrolls of butterflies
 f - 13 scrolls of teleportation
 l - 3 scrolls of magic mapping
 o - a scroll of summoning
 t - 2 scrolls of fear
 x - 4 scrolls of blinking
 y - 5 scrolls of poison
 P - 2 scrolls of silence
Potions
 h - 3 potions of attraction
 i - 6 potions of mutation
 j - 17 potions of curing
 r - 6 potions of haste
 B - 8 potions of heal wounds
 C - 4 potions of might
 D - a potion of invisibility
 O - 3 potions of ambrosia
 W - 2 potions of berserk rage
 X - a potion of resistance
Miscellaneous
 U - a phial of floods
 Y - a tin of tremorstones (1/2)


   Skills:
 - Level 16.0 Fighting
 - Level 24.0 Polearms
 - Level 16.0 Throwing
 + Level 10.0 Armour
 - Level 18.0 Dodging
 - Level 10.0 Evocations


You had 17 spell levels left.
You didn't know any spells.
Your spell library was empty.

Dungeon Overview and Level Annotations

Branches:
Dungeon (15/15)            Temple (1/1) D:7            Lair (5/5) D:11
 Shoals (0/4) Lair:3       Spider (4/4) Lair:3        Slime (0/5) Lair:4
    Orc (2/2) D:9             Elf (0/3) Orc:2        Vaults (0/5) D:13
 Depths (0/4) D:15          IceCv (visited)         Volcano (visited)
Gauntlet (visited)

Altars:
Ashenzari
Cheibriados
Dithmenos
Elyvilon
Fedhas
Gozag
Hepliaklqana
Kikubaaqudgha
Makhleb
Nemelex Xobeh
Okawaru
Qazlal
Ru
Sif Muna
Trog
Uskayaw
Vehumet
Wu Jian
Xom
Yredelemnul
Zin
The Shining One

Shops:
D:3 (   Orc:1 *   Orc:2 (*=!:

Portals:
Pandemonium: Orc:2

Annotations:
D:3 exclusion: statue
Lair:2 1 runed translucent door, Usinnox's ghost, journeyman OpCj


Innate Abilities, Weirdness & Mutations

((You are very nimble when in or above water. (Stealth+, EV+, Speed+++)))
Your lower body shifts to a powerful aquatic tail in water.


Message History

The spark wasp shocks you. You resist.
* * * LOW HITPOINT WARNING * * *
The redback completely misses you. The spark wasp completely misses you.
As you read the scroll of teleportation, it crumbles to dust.
You feel strangely unstable.
The redback bites you but does no damage.
The spark wasp stings you.
* * * LOW HITPOINT WARNING * * *
The spark wasp shocks you. You resist.
* * * LOW HITPOINT WARNING * * *
The redback bites you but does no damage.
The spark wasp stings you but does no damage.
The redback bites you but does no damage.
You barely miss the spark wasp. The spark wasp barely misses you.
The redback barely misses you.
You completely miss the spark wasp.
The spark wasp stings you but does no damage.
The redback barely misses you. The spark wasp barely misses you.
The redback bites you but does no damage.
You slice the spark wasp!!
The spark wasp is heavily wounded.
You hear a faint skittering sound.
The redback bites you but does no damage.
The spark wasp stings you!
* * * LOW HITPOINT WARNING * * *
The spark wasp shocks you. You resist.
* * * LOW HITPOINT WARNING * * *
The redback barely misses you. x2
The entropy weaver gestures at you while chanting.
The entropic weave corrodes you!
You slash the spark wasp!
The spark wasp is severely wounded.
Your surroundings flicker for a moment.
The spark wasp stings you!
* * * LOW HITPOINT WARNING * * *
The spark wasp shocks you. You resist.
* * * LOW HITPOINT WARNING * * *
The redback barely misses you.
The redback bites you but does no damage.
The spark wasp stings you!
You die...

#^.... .
#^^.#....^#
#...#... . ##
.^...... ....#
....## .. #...B.
.... ...#^###^
#...####.. #...
##.^.#. #.........
......^##s.#.....#
......^..?###.####
####..s##.....^
..^..#.y@......#.
.......s.....#^. #
############## #


You could see a spark wasp and 2 redbacks.

Vanquished Creatures
  Rupert (D:12)
  Asterion (Spider:1)
  2 emperor scorpions
  3 ghost moths
  An orc warlord (Orc:2)
  A reaper (IceCv)
  A broodmother (Spider:2)
  A minotaur (Gauntlet)
  2 spark wasps (Spider:4)
  2 fire dragons (D:15)
  6 entropy weavers
  A yaktaur captain (D:13)
  8 hydras
  A jorogumo (Spider:3)
  Erolcha (Orc:1)
  2 demonspawn (Orc:2)
  3 catoblepae
  5 centaur warriors
  2 death scarabs (Spider:3)
  9 boulder beetles
  2 tengu warriors
  2 two-headed ogres
  5 death yaks (Lair:5)
  9 orc high priests (Orc:2)
  Nergalle (D:11)
  A soul eater (Gauntlet)
  A deep elf knight (D:14)
  14 skeletal warriors
  3 sun moths
  7 pharaoh ants
  A wizard (D:15)
  5 orb spiders
  8 steelbarb worms
  A glowing orange brain (D:14)
  2 anaconda skeletons (Volcano)
  22 wolf spiders
  5 orc knights
  2 deep elf pyromancers
  7 ugly things
  6 cyclopes
  5 orc sorcerers
  2 moths of wrath
  8 black mambas
  A rust devil (Orc:2)
  Joseph (D:7)
  Maurice (D:12)
  3 manticores
  2 smoke demons (Orc:2)
  An elephant (Lair:4)
  An ice statue (IceCv)
  8 gargoyles
  7 torpor snails
  16 komodo dragons
  An unseen horror (D:13)
  12 demonic crawlers
  Maggie (D:6)
  12 rime drakes
  3 kobold demonologists (D:12)
  3 efreet
  19 cane toads
  An anaconda simulacrum (IceCv)
  6 yaktaurs
  An ice devil (IceCv)
  2 tengu conjurers
  A freezing wraith (D:14)
  3 trolls
  11 meliai
  4 hornets (Lair:5)
  10 polar bears
  A red devil (Orc:2)
  A merfolk (Lair:3)
  9 tarantellas
  A harpy skeleton (Volcano)
  2 raiju (Gauntlet)
  12 slime creatures
  14 blink frogs
  An alligator skeleton (Volcano)
  7 flying skulls
  A dream sheep (Lair:5)
  12 culicivoras
  23 jumping spiders
  12 spriggans (Lair:5)
  A yak (shapeshifter) (D:15)
  A shadow (D:12)
  2 vampires
  A dire elephant simulacrum (IceCv)
  A wraith (D:11)
  4 wyverns
  5 basilisks
  46 yaks
  A chaos spawn (Orc:2)
  2 steam dragons
  3 death yak simulacra (IceCv)
  28 redbacks
  A harpy simulacrum (IceCv)
  8 vampire mosquitoes
  3 wargs (Orc:1)
  A hydra simulacrum (IceCv)
  4 acid dragons
  17 water moccasins
  6 black bears
  2 ice beasts
  43 orc warriors
  3 sky beasts
  21 wolves
  5 boggarts (Lair:5)
  8 ogres
  16 centaurs
  3 kobold brigands
  2 phantoms (D:5)
  Blork the orc (D:6)
  16 bullfrogs
  2 necrophages (D:5)
  4 cane toad simulacra (IceCv)
  5 scorpions
  4 two-headed ogre simulacra (IceCv)
  2 gnoll sergeants
  2 elephant simulacra (IceCv)
  5 killer bees (D:6)
  3 spriggan skeletons (Volcano)
  An electric eel (Lair:5)
  2 howler monkeys (D:10)
  A quasit (D:15)
  30 orc priests
  A gnoll bouda (D:8)
  2 jellies
  2 iguanas
  2 lightning spires (Gauntlet)
  25 orc wizards
  8 spriggan simulacra (IceCv)
  4 troll simulacra (IceCv)
  2 polar bear simulacra (IceCv)
  A wolf simulacrum (IceCv)
  4 naga skeletons (Volcano)
  8 adders
  16 gnolls
  9 naga simulacra (IceCv)
  5 shadow imps
  7 white imps
  7 ufetubi
  2 dart slugs (D:4)
  3 worms
  106 orcs
  8 endoplasms
  4 giant cockroaches
  10 goblins
  7 hobgoblins
  3 jackals (D:5)
  17 kobolds
  3 quokkas
  6 ball pythons
  3 bats
  3 rats
993 creatures vanquished.

Vanquished Creatures (collateral kills)
  Frances (Spider:1)
  A jorogumo (Spider:1)
  A tarantella (Spider:1)
3 creatures vanquished.

Vanquished Creatures (others)
  An orc (Orc:2)
  55 fungi
  71 plants
127 creatures vanquished.

Grand Total: 1123 creatures vanquished

Notes
Turn   | Place    | Note
-------+----------+-------------------------------------------
     0 | D:1      | jejorda2 the Merfolk Berserker began the quest for the Orb.
     0 | D:1      | Reached XP level 1. HP: 18/18 MP: 1/1
    84 | D:1      | Reached XP level 2. HP: 17/24 MP: 2/2
   349 | D:1      | Reached XP level 3. HP: 30/30 MP: 3/3
   874 | D:2      | Reached XP level 4. HP: 30/37 MP: 4/4
   875 | D:2      | Reached ** piety under Trog
  1002 | D:2      | Reached skill level 5 in Polearms
  1302 | D:3      | Found Agoor's Antique Weapon Shop.
  1511 | D:3      | Reached XP level 5. HP: 28/43 MP: 5/5
  1566 | D:3      | Found a radiant altar of Vehumet.
  1566 | D:3      | Noticed a frost-covered statue
  2013 | D:4      | Identified the +3 ring mail "Biceix" {Rampage Str+3}
  2113 | D:4      | Noticed a black bear
  2133 | D:4      | Reached skill level 6 in Polearms
  2133 | D:4      | Reached XP level 6. HP: 50/50 MP: 6/6
  2135 | D:4      | Killed a black bear
  2136 | D:4      | Reached skill level 5 in Fighting
  2202 | D:4      | Reached XP level 7. HP: 56/56 MP: 7/7
  2256 | D:4      | Noticed a torpor snail
  2257 | D:4      | Found a snail-covered altar of Cheibriados.
  2366 | D:4      | Found a hazy altar of Hepliaklqana.
  2432 | D:4      | Found a glowing golden altar of the Shining One.
  2653 | D:5      | Entered Level 5 of the Dungeon
  2658 | D:5      | Reached *** piety under Trog
  2659 | D:5      | Reached skill level 7 in Polearms
  2716 | D:5      | Reached skill level 8 in Polearms
  2716 | D:5      | Reached XP level 8. HP: 64/64 MP: 8/8
  2914 | D:5      | Reached skill level 9 in Polearms
  2974 | D:5      | Found a hide-covered altar of Uskayaw.
  3145 | D:5      | Reached skill level 5 in Armour
  3611 | D:6      | Reached skill level 10 in Polearms
  3694 | D:6      | Noticed Blork the orc
  3703 | D:6      | Killed Blork the orc
  3780 | D:6      | Noticed Maggie
  3796 | D:6      | Killed Maggie
  3797 | D:6      | Reached XP level 9. HP: 69/69 MP: 9/9
  3845 | D:6      | Found a burning altar of Makhleb.
  3959 | D:6      | Found a sparkling altar of Nemelex Xobeh.
  4062 | D:6      | Reached skill level 11 in Polearms
  4426 | D:7      | Reached skill level 12 in Polearms
  4574 | D:7      | Found a staircase to the Ecumenical Temple.
  4585 | D:7      | Noticed Joseph
  4592 | D:7      | Reached skill level 5 in Dodging
  4598 | D:7      | Killed Joseph
  4603 | Temple   | Entered the Ecumenical Temple
  4651 | D:7      | Reached skill level 13 in Polearms
  4887 | D:7      | Reached XP level 10. HP: 76/76 MP: 10/10
  5262 | D:8      | Reached skill level 14 in Polearms
  5743 | D:8      | Found an ornate altar of the Wu Jian Council.
  5902 | D:8      | Reached **** piety under Trog
  6318 | D:9      | Reached skill level 15 in Polearms
  6465 | D:9      | Found a staircase to the Orcish Mines.
  6506 | D:9      | Identified a scroll of acquirement
  6506 | D:9      | Acquired a manual of Dodging
  6624 | D:9      | Acquired a manual of Fighting
  6626 | D:9      | Acquired a manual of Evocations
  6628 | D:9      | Acquired 903 gold pieces
  6722 | D:9      | Found a bloodstained altar of Trog.
  6850 | D:10     | Entered Level 10 of the Dungeon
  6860 | D:10     | Reached skill level 1 in Evocations
  7100 | D:10     | Found a shimmering blue altar of Sif Muna.
  7100 | D:10     | Found a shadowy altar of Dithmenos.
  7115 | D:10     | Reached XP level 11. HP: 62/84 MP: 11/11
  7228 | D:10     | Noticed a two-headed ogre
  7238 | D:10     | Killed a two-headed ogre
  7297 | D:10     | Found an opulent altar of Gozag.
  7430 | D:10     | Identified the +2 ring mail of Wonder {SInv}
  7584 | D:11     | Noticed Nergalle
  7585 | D:11     | Noticed a boulder beetle
  7598 | D:11     | Killed Nergalle
  7599 | D:11     | Reached skill level 16 in Polearms
  7599 | D:11     | Reached skill level 10 in Dodging
  7604 | D:11     | Killed a boulder beetle
  7713 | D:11     | Noticed a cyclops
  7734 | D:11     | Killed a cyclops
  7832 | D:11     | Reached skill level 5 in Evocations
  7969 | D:11     | Noticed a boulder beetle
  7980 | D:11     | Killed a boulder beetle
  8230 | D:11     | Reached ***** piety under Trog
  8353 | D:11     | Found a staircase to the Lair.
  8420 | Lair:1   | Entered Level 1 of the Lair of Beasts
  8435 | Lair:1   | Found a gate leading to a gauntlet.
  8449 | Gauntlet | Entered a Gauntlet
  8449 | Gauntlet | Noticed a soul eater
  8449 | Gauntlet | Found a large runed translucent door.
  8449 | Gauntlet | Found a large runed translucent door.
  8449 | Gauntlet | Found a large runed translucent door.
  8449 | Gauntlet | Found a large runed translucent door.
  8449 | Gauntlet | Found a runed translucent door.
  8449 | Gauntlet | Found a large runed translucent door.
  8449 | Gauntlet | Found a large runed translucent door.
  8449 | Gauntlet | Found a transporter.
  8449 | Gauntlet | Found a transporter.
  8449 | Gauntlet | Found a large runed translucent door.
  8449 | Gauntlet | Found a large runed translucent door.
  8449 | Gauntlet | Found a runed translucent gate.
  8449 | Gauntlet | Found a runed translucent gate.
  8449 | Gauntlet | Found a transporter.
  8453 | Gauntlet | Found a transporter.
  8453 | Gauntlet | Found a transporter.
  8453 | Gauntlet | Found a transporter.
  8454 | Gauntlet | Found a runed translucent gate.
  8454 | Gauntlet | Found a runed translucent door.
  8458 | Gauntlet | Found a large runed translucent door.
  8458 | Gauntlet | Found a large runed translucent door.
  8467 | Gauntlet | Found a transporter.
  8468 | Gauntlet | Found a transporter.
  8472 | Gauntlet | Noticed a death yak
  8473 | Gauntlet | Noticed a death yak
  8473 | Gauntlet | Noticed a death yak
  8473 | Gauntlet | Noticed a death yak
  8474 | Gauntlet | Noticed a death yak
  8474 | Gauntlet | Noticed a death yak
  8475 | Gauntlet | Noticed a necromancer
  8477 | Gauntlet | Found a transporter.
  8523 | Gauntlet | Found a large runed translucent door.
  8523 | Gauntlet | Found a large runed translucent door.
  8526 | Gauntlet | Found a large runed translucent door.
  8526 | Gauntlet | Found a large runed translucent door.
  8527 | Gauntlet | Found a large runed translucent door.
  8528 | Gauntlet | Found a large runed translucent door.
  8580 | Gauntlet | Found a transporter.
  8582 | Gauntlet | Found a transporter.
  8598 | Gauntlet | Found a transporter.
  8660 | Gauntlet | Killed a soul eater
  8661 | Gauntlet | Reached skill level 17 in Polearms
  8702 | Gauntlet | Reached XP level 12. HP: 87/97 MP: 12/12
  8705 | Gauntlet | Reached skill level 10 in Fighting
  8823 | Gauntlet | Identified the +2 helmet of Selonk {rElec MP+9 Int-2 Dex-3}
  8903 | Gauntlet | Noticed a minotaur
  8919 | Gauntlet | Killed a minotaur
  9310 | Lair:1   | Reached skill level 18 in Polearms
  9942 | Lair:2   | Found a runed translucent door.
  9942 | Lair:2   | Found a shimmering altar of Xom.
  9942 | Lair:2   | Noticed Usinnox's ghost (journeyman OpCj)
  9986 | Lair:2   | Noticed a catoblepas
 10017 | Lair:2   | Killed a catoblepas
 10750 | Lair:3   | Found a hole to the Spider Nest.
 10777 | Lair:3   | Reached XP level 13. HP: 108/108 MP: 13/13
 10786 | Lair:3   | Found a frozen archway.
 10804 | Lair:3   | Reached skill level 19 in Polearms
 10838 | IceCv    | Entered an ice cave
 11479 | IceCv    | Reached skill level 15 in Dodging
 11723 | IceCv    | Noticed a reaper
 11755 | IceCv    | Killed a reaper
 12806 | Lair:3   | Found a staircase to the Shoals.
 12832 | Lair:3   | Reached skill level 20 in Polearms
 13073 | Lair:4   | Reached skill level 1 in Throwing
 13352 | Lair:4   | Received a gift from Trog
 13583 | Lair:4   | Found a staircase to the Slime Pits.
 13598 | Lair:4   | Reached XP level 14. HP: 121/121 MP: 14/14
 13699 | Lair:4   | Reached skill level 21 in Polearms
 14162 | Lair:4   | Reached skill level 15 in Fighting
 14447 | Lair:5   | Entered Level 5 of the Lair of Beasts
 14635 | Lair:5   | Reached skill level 5 in Throwing
 14746 | Lair:5   | Received a gift from Trog
 14829 | Lair:5   | Reached skill level 22 in Polearms
 15637 | Lair:5   | Reached XP level 15. HP: 108/130 MP: 15/15
 15940 | Lair:5   | Reached skill level 23 in Polearms
 16282 | D:12     | Received a gift from Trog
 16386 | D:12     | Noticed Rupert
 16398 | D:12     | Killed Rupert
 16823 | D:12     | Noticed Maurice
 16847 | D:12     | Killed Maurice
 17357 | D:13     | Reached skill level 24 in Polearms
 17437 | D:13     | Found a gate to the Vaults.
 17450 | D:13     | HP: 9/195 [yaktaur (8)]
 18278 | D:14     | Received a gift from Trog
 18859 | D:15     | Entered Level 15 of the Dungeon
 18940 | D:15     | Reached skill level 10 in Throwing
 19077 | D:15     | Reached XP level 16. HP: 138/138 MP: 16/16
 19632 | D:15     | Identified the +3 plate armour of the Endless Expanse
                  | {Str+4}
 19671 | Abyss:2  | Cast into level 2 of the Abyss (a wizard)
 19707 | D:15     | Escaped the Abyss
 19792 | D:15     | Found a staircase to the Depths.
 20078 | Orc:1    | Entered Level 1 of the Orcish Mines
 20111 | Orc:1    | Found a dark tunnel.
 20135 | Volcano  | Entered a volcano
 20949 | Orc:1    | Found Pullea's Assorted Antiques.
 21593 | Orc:2    | Entered Level 2 of the Orcish Mines
 21593 | Orc:2    | Found Hephu's Book Emporium.
 21594 | Orc:2    | Noticed Erolcha
 21773 | Orc:2    | Received a gift from Trog
 21926 | Orc:1    | Killed Erolcha
 22297 | Orc:2    | Found a staircase to the Elven Halls.
 22436 | Orc:2    | Found Tojun's General Store.
 22472 | Orc:2    | Found Duenob's Distillery.
 23333 | Orc:2    | Found Riwaj's Jewellery Shoppe.
 23333 | Orc:2    | Found Congumal's Antique Weapon Emporium.
 23334 | Orc:2    | Found a one-way gate leading to the halls of Pandemonium.
 23717 | Orc:1    | Bought a scroll of acquirement for 1300 gold pieces
 23717 | Orc:1    | Bought a scroll of acquirement for 1300 gold pieces
 23718 | Orc:1    | Acquired 912 gold pieces
 23719 | Orc:1    | Acquired the +9 glaive of Disintegration {vorpal, rF+ rC+
                  | Str+3}
 23880 | Spider:1 | Entered Level 1 of the Spider Nest
 24167 | Spider:1 | Received a gift from Trog
 24589 | Spider:1 | Reached XP level 17. HP: 144/144 MP: 17/17
 24691 | Spider:1 | Noticed Asterion
 24706 | Spider:1 | Killed Asterion
 24932 | Spider:1 | Reached skill level 10 in Evocations
 24956 | Spider:1 | Noticed Frances
 24975 | Spider:1 | Killed Frances
 27925 | Spider:3 | Reached skill level 15 in Throwing
 28852 | Spider:3 | Received a gift from Trog
 29268 | Spider:4 | Entered Level 4 of the Spider Nest
 29597 | Spider:4 | Reached XP level 18. HP: 112/151 MP: 12/18
 29629 | Spider:4 | Reached skill level 10 in Armour
 29648 | Spider:4 | Slain by a spark wasp

Illustrated notes

Levels and vault maps discovered:
D:1:      giann_horns, layout_rooms, nicolae_grassy_gnolls
D:2:      layout_basic
D:3:      layout_rooms, vehumet_statue, serial_shops, nicolae_shop_hallway_plus
D:4:      layout_basic, tso_metal_star, lemuel_round_altar, cheibriados_altar_2
D:5:      layout_cave_pools, mainiacjoe_overflow_six_doors_small
D:6:      layout_basic, nemelex_xobeh_ov_fountains_minmay,
          mainiacjoe_overflow_24_doors, uniq_maggie, uniq_blork_the_orc
D:7:      layout_basic, minmay_temple_entry_trees, uniq_joseph
D:8:      layout_basic, general_overflow_altar
D:9:      layout_basic, lightli_temple_of_fire, david_orc_2
D:10:     layout_rooms, mainiacjoe_overflow_paths,
          gammafunk_temple_overflow_pools, minivault_10
D:11:     layout_big_octagon, grunt_lair_entry_orc_guard_hut, uniq_nergalle
D:12:     layout_roguey, nicolae_figureground_sparkle, uniq_maurice, uniq_rupert
D:13:     layout_stronghold, david_vaults_2, chequers_serial_rivers_micro_a
D:14:     minmay_tri_box, layout_rooms, infiniplex_staircase_pillars_3a
D:15:     grunt_enter_depths_hoard, layout_loops_corners, minmay_misc_feat_tiny
Temple:   hellmonk_temple_micro_hex
Lair:1:   layout_roguey, gauntlet_entry_generic, beast_lair_carwin_10,
          infiniplex_staircase_pool_2, grunt_megastairs_3
Lair:2:   layout_hall_layers, ebering_ghost_xom, serial_bayou_ford_a
Lair:3:   layout_loops_ring, elwin_shoals_entry_rooms, spider_nest_entry_rubble,
          portal_ice_cave_rime, lemuel_fruit_tree
Lair:4:   nzn_winding_woodlands_stair_cross
          [nzn_winding_woodlands_5x15_sawtooth,
          nzn_winding_woodlands_center_lodge,
          nzn_winding_woodlands_5x15_river_crossing,
          nzn_winding_woodlands_5x5_perimeter,
          nzn_winding_woodlands_5x5_open_star,
          nzn_winding_woodlands_5x15_default,
          nzn_winding_woodlands_center_pierced_h,
          nzn_winding_woodlands_5x15_twine], layout_regular_city, slime_entry_1,
          minmay_lair_drake_nest
Lair:5:   minmay_lair_end_enchanted_forest, layout_regular_city,
          serial_bayou_shore_a, grunt_megastairs_2
Spider:1: layout_spider_delve, uniq_frances, uniq_asterion
Spider:2: layout_chambers
Spider:3: layout_spider_delve, hangedman_spider_tarantella_strand
Spider:4: hellmonk_spider_rune_bug_friends
Orc:1:    minmay_goldmine, layout_caves, serial_shops, nicolae_diamond_shop,
          enter_volcano_1
Orc:2:    pf_orc_diabolical, layout_caves, serial_shops, shop, uniq_erolcha

Skill      XL: |  1  2  3  4  5  6  7  8  9 10 11 12 13 14 15 16 17 18 |
---------------+-------------------------------------------------------+-----
Armour         | 2 3 4 5 6 8 9 10 | 10.0
Fighting       | 4 5 6 7 9 12 14 15 16 | 16.0
Polearms       | 5 6 8 10 13 15 17 18 20 22 24 | 24.0
Dodging        | 6 9 12 14 16 18 | 18.0
Evocations     | 2 6 9 10 | 10.0
Throwing       | 3 6 10 13 16 | 16.0

Action                   |  1- 3 |  4- 6 |  7- 9 | 10-12 | 13-15 | 16-18 || total
-------------------------+-------+-------+-------+-------+-------+-------++-------
Melee: Spear             |    80 |       |       |       |       |       ||    80
       Trident           |    16 |   163 |   135 |       |       |       ||   314
       Punch             |       |     2 |       |       |       |       ||     2
       Halberd           |       |       |   120 |   552 |   306 |       ||   978
       Glaive            |       |       |       |       |   544 |   529 ||  1073
       Tailslap          |       |       |       |       |     2 |     1 ||     3
       Bardiche          |       |       |       |       |   246 |   616 ||   862
       Unarmed           |       |       |       |       |     2 |       ||     2
Throw: Stone             |       |     3 |     1 |       |       |       ||     4
       Dart              |       |       |     6 |    13 |    26 |   135 ||   180
       Boomerang         |       |       |       |       |     3 |     4 ||     7
Invok: Berserk           |     2 |     2 |     5 |    14 |    15 |     9 ||    47
       Trog's Hand       |       |       |     2 |     7 |     7 |    10 ||    26
       Brothers in Arms  |       |       |       |     1 |       |     3 ||     4
Evoke: Wand              |       |       |       |       |    52 |     2 ||    54
       Tin of tremorston |       |       |       |       |       |     1 ||     1
  Use: Scroll            |       |       |    17 |    17 |     4 |     9 ||    47
       Potion            |       |       |     1 |     1 |       |     1 ||     3
 Stab: Distracted        |       |     1 |       |       |     1 |     2 ||     4
       Sleeping          |       |       |       |     2 |       |       ||     2
       Held in net/web   |       |       |       |       |     1 |       ||     1
       Petrified         |       |       |       |       |     5 |       ||     5
Armor: Animal skin       |     6 |       |       |       |       |       ||     6
       Chain mail        |    21 |    64 |    58 |       |       |       ||   143
       Acid dragon scale |       |       |    33 |    38 |       |       ||    71
       Ring mail         |       |       |       |    91 |    17 |       ||   108
       Plate armour      |       |       |       |       |   358 |   582 ||   940
       Fire dragon scale |       |       |       |       |       |    34 ||    34
Dodge: Dodged            |    34 |    52 |   100 |   292 |   445 |   535 ||  1458
Block: Other             |       |       |     6 |    67 |       |       ||    73
       Reflection        |       |       |     1 |     9 |       |       ||    10

Table legend: (Time is in decaauts)
 A = Elapsed time spent in this place.
 B = Non-inter-level travel time spent in this place.
 C = Inter-level travel time spent in this place.
 D = Time resting spent in this place.
 E = Time spent auto-exploring this place.
 F = Levels seen in this place.
 G = Mean time per level.
                   A        B        C        D        E       F      G
               +--------+--------+--------+--------+--------+-----+--------+
         Total |  29047 |  27653 |   1394 |   3796 |  18272 |  31 |  937.0 |
       Dungeon |  12390 |  11788 |    602 |   1517 |   7999 |  15 |  826.0 |
        Temple |     43 |     43 |      0 |     41 |      0 |   1 |   43.0 |
          Lair |   5555 |   5197 |    358 |    317 |   3787 |   5 | 1111.0 |
   Spider Nest |   5589 |   5339 |    250 |    627 |   3906 |   4 | 1397.2 |
  Orcish Mines |   3098 |   2916 |    182 |    452 |   1822 |   2 | 1549.0 |
         Abyss |     35 |     35 |      0 |      0 |     14 |   1 |   35.0 |
      Ice Cave |   1343 |   1343 |      0 |    719 |    330 |   1 | 1343.0 |
       Volcano |    457 |    457 |      0 |      0 |    214 |   1 |  457.0 |
      Gauntlet |    533 |    533 |      0 |    121 |    198 |   1 |  533.0 |
               +--------+--------+--------+--------+--------+-----+--------+

Top non-repeatable levels by time:
Spider:3: 1887 daAuts
   Orc:2: 1799 daAuts
Spider:1: 1783 daAuts
Spider:2: 1678 daAuts
  Lair:4: 1394 daAuts
   IceCv: 1343 daAuts
  Lair:5: 1341 daAuts
   Orc:1: 1298 daAuts
    D:15: 1048 daAuts
    D:13: 1011 daAuts
  Lair:1: 1011 daAuts
     D:6: 985 daAuts
     D:8: 955 daAuts
  Lair:3: 946 daAuts
    D:12: 933 daAuts
